 Dungeon Crawl Stone Soup version 0.32-a0-747-gc8563f6773 (webtiles) character file.

Game seed: 16506671977694305679

263 pokeman the Magician (level 5, 0/29 HPs)
             Began as a Deep Elf Hedge Wizard on Mar 17, 2024.
             Hit by a boomerang thrown by an orc (4 damage)
             ... on level 4 of the Dungeon.
             The game lasted 00:05:14 (3100 turns).

pokeman the Magician (Deep Elf Hedge Wizard)        Turns: 3100, Time: 00:05:14

Health: 0/29       AC:  3    Str: 13    XL:     5   Next: 97%
Magic:  13/16      EV: 12    Int: 21    God:
Gold:   144        SH:  0    Dex: 14    Spells: 9/17 levels left

rFire   . . .        p - +2 sling (elec)
rCold   . . .        (no shield)
rNeg    . . .        b - +0 robe
rPois   .            a - +0 helmet
rElec   .            (no cloak)
rCorr   .            (no gloves)
SInv    .            (no boots)
Will    .....        (no amulet)
Stlth   ++           o - +6 ring of strength
HPRegen 0.24/turn    (no ring)
MPRegen 0.15/turn

%: no passive effects
@: on blink cooldown
A: no striking features
a: no special abilities


You were on level 4 of the Dungeon.
You visited 1 branch of the dungeon, and saw 4 of its levels.

You collected 144 gold pieces.

Inventory:

Hand Weapons
 p - a +2 sling of electrocution (weapon)
Armour
 a - a +0 helmet (worn)
 b - a +0 robe (worn)
Jewellery
 o - a +6 ring of strength (left hand)
Wands
 m - a wand of flame (14)
Scrolls
 e - a scroll of noise {unknown}
 f - a scroll of teleportation {unknown}
 g - a scroll of revelation {unknown}
 k - a scroll of torment {unknown}
 l - 3 scrolls of identify {unknown}
 n - a scroll of amnesia {unknown}
Potions
 d - a potion of magic
 h - a potion of invisibility {unknown}
 i - a potion of lignification {unknown}
 j - a potion of curing {unknown}


   Skills:
 + Level 1.1 Fighting
 - Level 1.0 Armour
 - Level 3.0 Dodging
 - Level 3.0 Stealth
 * Level 6.6 Spellcasting
 + Level 2.9 Conjurations
 - Level 1.1 Summonings
 - Level 1.1 Translocations
 - Level 1.0 Air Magic
 + Level 1.1 Alchemy
 - Level 1.0 Evocations


You had 9 spell levels left.
You knew the following spells:

 Your Spells              Type           Power      Damage    Failure   Level
a - Magic Dart            Conj           76%        1d6       2%          1
b - Mephitic Cloud        Conj/Alch/Air  14%        N/A       14%         3
c - Call Imp              Summ           22%        N/A       9%          2
d - Blink                 Tloc           22%        N/A       9%          2

Your spell library contained the following spells:

 Spells                   Type           Power      Damage    Failure   Level
 Slow                     Hex            24%        N/A       10%         1
 Cigotuvi's Dreadful Rot  Necr/Alch/Air  20%        N/A       11%         2
 Sublimation of Blood     Necr           6%         N/A       14%         2
 Volatile Blastmotes      Fire/Tloc      18%        2d11      22%         3
 Passwall                 Erth           6%         N/A       28%         3
 Tukima's Dance           Hex            6%         N/A       28%         3
 Passage of Golubria      Tloc           11%        N/A       50%         4
 Petrify                  Alch/Erth      9%         N/A       58%         4
 Irradiate                Conj/Alch      7%         3d14      73%         5
 Yara's Violent Unravell  Hex/Alch       4%         3d4       90%         5
 Bombard                  Conj/Erth      6%         9d2       100%        6


Dungeon Overview and Level Annotations

Branches:
Dungeon (4/15)
 Temple: D:4-7

Altars:
Xom
Yredelemnul
Zin

Shops:
D:3 *


Message History

Aim: an orc warrior, wielding a +0 long sword and wearing a +0 chain mail (noxious fumes, confused, 77% to hit)
You shoot a sling bullet.
The sling bullet barely misses the orc warrior.
The orc warrior is engulfed in noxious fumes.
Fire: p) +2 sling (elec)
Press: ? - help, Q - select action, (/) - cycle Shift-Dir - straight line, f/p - orc warrior
Aim: an orc warrior, wielding a +0 long sword and wearing a +0 chain mail (confused, 77% to hit)
You shoot a sling bullet.
The sling bullet hits the orc warrior but does no damage.
Lightning courses through the orc warrior!
The orc warrior is heavily wounded.
The orc throws a boomerang.
The boomerang hits you but does no damage.
Fire: p) +2 sling (elec)
Press: ? - help, Q - select action, (/) - cycle Shift-Dir - straight line, f/p - orc warrior
Aim: an orc warrior, wielding a +0 long sword and wearing a +0 chain mail (heavily wounded, confused, 77% to hit)
You shoot a sling bullet.
The sling bullet barely misses the orc warrior.
The orc warrior hits you with a +0 long sword!
Fire: p) +2 sling (elec)
Press: ? - help, Q - select action, (/) - cycle Shift-Dir - straight line, f/p - orc warrior
Aim: an orc warrior, wielding a +0 long sword and wearing a +0 chain mail (heavily wounded, confused, 77% to hit)
You shoot a sling bullet. The sling bullet hits the orc warrior.
The orc warrior is heavily wounded.
The orc warrior closely misses you.
Unknown command.
Fire: p) +2 sling (elec)
Press: ? - help, Q - select action, (/) - cycle Shift-Dir - straight line, f/p - orc warrior
Aim: an orc warrior, wielding a +0 long sword and wearing a +0 chain mail (heavily wounded, confused, 77% to hit)
You shoot a sling bullet.
The sling bullet barely misses the orc warrior.
The orc warrior seems less confused.
The orc warrior barely misses you.
The orc warrior hits you with a +0 long sword!
* * * LOW HITPOINT WARNING * * *
Unknown command.
Casting: Mephitic Cloud (quite dangerous; 14% risk of failure)
Confirm with . or Enter, or press ? or * to list all spells.
You blink.
The orc throws a boomerang.
The boomerang hits you.
You die...

##.### ..
#....## ...
##.....###
...##........##
#..#.........##
#............#
#..............
#....@........
#.............
##............
#...........#
###........#
##o.o...##
##<..### #o..#
....#


You could see an orc warrior and 2 orcs.

Vanquished Creatures
  Blork the orc (D:4)
  A jelly (D:3)
  An iguana (D:4)
  Ijyb (D:3)
  An orc wizard (D:4)
  2 adders
  An orc (D:3)
  5 ball pythons
  4 bats
  3 endoplasms
  5 giant cockroaches
  17 goblins
  5 hobgoblins
  2 kobolds (D:3)
  A quokka (D:4)
  2 frilled lizards
  4 rats
56 creatures vanquished.

Vanquished Creatures (collateral kills)
  Robin (D:3)
1 creature vanquished.

Grand Total: 57 creatures vanquished

Notes
Turn   | Place    | Note
-------+----------+-------------------------------------------
     0 | D:1      | pokeman the Deep Elf Hedge Wizard began the quest for the
                  | Orb.
     0 | D:1      | Reached XP level 1. HP: 10/10 MP: 7/7
   359 | D:1      | Reached XP level 2. HP: 16/16 MP: 7/9
  1482 | D:2      | Reached skill level 5 in Spellcasting
  1504 | D:2      | Reached XP level 3. HP: 20/20 MP: 6/11
  1508 | D:2      | Learned a level 3 spell: Mephitic Cloud
  1511 | D:2      | Learned a level 2 spell: Call Imp
  1514 | D:2      | Learned a level 2 spell: Blink
  1621 | D:2      | Identified the +1 chain mail of the Quick God {-Tele rC+
                  | rN+ Slay+4}
  1908 | D:3      | Found a shimmering altar of Xom.
  1924 | D:3      | Reached skill level 1 in Fighting
  1970 | D:3      | Found a faded altar of an unknown god.
  1984 | D:3      | Found a basalt altar of Yredelemnul.
  2001 | D:3      | Reached skill level 1 in Armour
  2060 | D:3      | Noticed Ijyb
  2101 | D:3      | Killed Ijyb
  2102 | D:3      | Reached XP level 4. HP: 12/25 MP: 6/13
  2337 | D:3      | Found Zin's Purification Station.
  2357 | D:3      | Found a glowing silver altar of Zin.
  2442 | D:3      | Noticed Robin
  2460 | D:3      | Killed Robin
  2905 | D:3      | Reached skill level 6 in Spellcasting
  2905 | D:3      | Reached XP level 5. HP: 6/29 MP: 3/15
  3000 | D:4      | Noticed Blork the orc
  3005 | D:4      | Killed Blork the orc
  3051 | D:4      | Reached skill level 1 in Air Magic
  3051 | D:4      | Reached skill level 1 in Alchemy
  3051 | D:4      | Reached skill level 1 in Evocations
  3086 | D:4      | Noticed an orc warrior
  3100 | D:4      | Hit by a boomerang thrown by an orc

Illustrated notes

Levels and vault maps discovered:
D:1:      minmay_arrival_open_corners, layout_loops_ring
D:2:      layout_basic
D:3:      layout_rooms, zin_purify, lemuel_tele_altar, xom_butterflies,
          ebering_ecumenical_altar_hall, uniq_ijyb, uniq_robin
D:4:      layout_cave_pods, kennysheep_mini, mainiacjoe_overflow_paths,
          minmay_temple_entry_slanted, st_stairs_10, uniq_blork_the_orc,
          uniq_edmund

Skill      XL: |  1  2  3  4  5 |
---------------+----------------+-----
Spellcasting   | 5 6 |  6.6
Fighting       | 1 |  1.1
Armour         | 1 |  1.0
Conjurations   | 2 |  2.9
Dodging        | 3 |  3.0
Stealth        | 3 |  3.0
Air Magic      | 1 |  1.0
Alchemy        | 1 |  1.1
Evocations     | 1 |  1.0
Summonings     | |  1.1
Translocations | |  1.1

Action                     |  1- 3 |  4- 6 || total
---------------------------+-------+-------++-------
  Melee: Dagger            |    20 |     6 ||    26
   Fire: Sling             |       |    36 ||    36
   Cast: Magic Dart        |    67 |    41 ||   108
         Mephitic Cloud    |     3 |     4 ||     7
         Blink             |       |     2 ||     2
         Call Imp          |       |     1 ||     1
   Stab: Confused          |     5 |       ||     5
 Armour: Robe              |    12 |    35 ||    47
  Dodge: Dodged            |    13 |    28 ||    41

Table legend: (Time is in decaauts)
 A = Elapsed time spent in this place.
 B = Non-inter-level travel time spent in this place.
 C = Inter-level travel time spent in this place.
 D = Time resting spent in this place.
 E = Time spent auto-exploring this place.
 F = Levels seen in this place.
 G = Mean time per level.
                   A        B        C        D        E       F      G
               +--------+--------+--------+--------+--------+-----+--------+
         Total |   3113 |   2998 |    115 |    147 |   2388 |   4 |  778.2 |
       Dungeon |   3113 |   2998 |    115 |    147 |   2388 |   4 |  778.2 |
               +--------+--------+--------+--------+--------+-----+--------+

Top non-repeatable levels by time:
     D:3: 1110 daAuts
     D:2: 1006 daAuts
     D:1: 874 daAuts
     D:4: 121 daAuts
